 Dungeon Crawl Stone Soup version 0.29.1-12-g30fa7ad0bf (webtiles) character file.

Game seed: 18355698841100728244

44 hawla the Chiller (level 4, -3/34 HPs)
             Began as a Meteoran Ice Elementalist on Dec 28, 2022.
             Slain by a black bear (6 damage)
             ... on level 4 of the Dungeon.
             The game lasted 00:02:05 (295 turns).

hawla the Chiller (Meteoran Ice Elementalist)        Turns: 295, Time: 00:02:06

Health: -3/34      AC:  3    Str:  9    XL:     4   Next: 8%
Magic:  0/9        EV: 13    Int: 21    God:
Gold:   31         SH:  0    Dex: 15    Spells: 8/9 levels left

rFire   . . .      SeeInvis .   (no weapon)
rCold   . . .      Faith    .   (no shield)
rNeg    . . .      Spirit   .   a - +0 robe
rPois   .          Reflect  .   g - +1 hat {Int+3}
rElec   .          Harm     .   (no cloak)
rCorr   .          Rampage  .   (no gloves)
Will    .....                   (no boots)
Stlth   +.........              (no amulet)
HPRegen 0.11/turn               (no ring)
MPRegen 0.11/turn               (no ring)

@: attractive, glowing
A: sense surroundings 1, otherworldly, glowing, explore regen
a: no special abilities


You were on level 4 of the Dungeon.
You visited 1 branch of the dungeon, and saw 4 of its levels.

You collected 31 gold pieces.

Inventory:

Armour
 a - a +0 robe (worn)
 g - a +1 hat of intelligence (worn)
Scrolls
 f - 2 scrolls of enchant weapon
Potions
 b - a potion of magic
 c - a potion of brilliance {unknown}
 h - a potion of haste {unknown}


   Skills:
 + Level 0.3 Fighting
 + Level 2.8 Dodging
 - Level 1.4 Stealth
 + Level 3.2 Spellcasting
 + Level 5.3 Ice Magic


You had 8 spell levels left.
You knew the following spells:

 Your Spells              Type           Power      Damage    Failure   Level
a - Freeze                Ice            100%       1d11      1%          1

Your spell library contained the following spells:

 Spells                   Type           Power      Damage    Failure   Level
 Frozen Ramparts          Ice            50%        1d8       4%          3
 Ozocubu's Armour         Ice            25%        N/A       4%          3
 Hailstorm                Conj/Ice       14%        3d5       41%         4


Dungeon Overview and Level Annotations

Branches:
Dungeon (4/15) Zot: 2104
 Temple: D:4-7

Altars:


Innate Abilities, Weirdness & Mutations

You passively map a small area around you.
You are easily found by Zot.
You glow in the dark.
You regain HP and MP as you explore.


Message History

It was a scroll of noise.
You hear an angry hiss.
You hear a bark!
The black bear bites you. The black bear barely misses you.
The black bear claws you but does no damage.
It was a potion of attraction.
You feel attractive to monsters. The black bear bites you.
The black bear closely misses you.
The black bear claws you but does no damage.
Casting: Freeze (safe; 1% risk of failure)
Confirm with . or Enter, or press ? or * to list all spells.
Aiming: Freeze (safe; 1% risk of failure)
Press: ? - help, Shift-Dir - straight line, f - black bear
Aim: a black bear You freeze the black bear.
The black bear is lightly wounded.
The black bear barely misses you. The black bear closely misses you.
The black bear claws you.
Casting: Freeze (safe; 1% risk of failure)
Confirm with . or Enter, or press ? or * to list all spells.
Aiming: Freeze (safe; 1% risk of failure)
Press: ? - help, Shift-Dir - straight line, f/p - black bear
Aim: a black bear (lightly wounded)
You freeze the black bear!
The black bear is heavily wounded.
The black bear bites you.
* * * LOW HITPOINT WARNING * * *
The black bear claws you.
* * * LOW HITPOINT WARNING * * *
The black bear claws you but does no damage.
Casting: Freeze (safe; 1% risk of failure)
Confirm with . or Enter, or press ? or * to list all spells.
Aiming: Freeze (safe; 1% risk of failure)
Press: ? - help, Shift-Dir - straight line, f/p - black bear
Aim: a black bear (heavily wounded)
You freeze the black bear!
The black bear is almost dead.
The black bear goes berserk!
The black bear attacks as you move away!
The black bear bites you.
You die...

#.#.#........#...# ####.#.
#######.#.#.....##.#.#.# #.#.
#.......#.##....##.#.#.# #.#.
##+#[......##.#####.....#,# * *
.....###......###.....#.#.####.
.....# #.######≈###............
, .....#
#.##..##≈#...........### .....#
#.##....~.##.P####...# .....#
#.......~@h...#..#...# , .....#
##.#..#.~.#...#[.#...#
>...'######...#≈##...#+##...#
##..#...≈##..##≈##..........# *
.##.#...≈##.###≈#..h........#*
* .##.#...≈##.#*###.##...###...
.##.#...≈##.. , #.,....(# , #
'##.#≈≈≈≈#### *##.[~.~~~#
....#####+ #..~....#,*


You could see a black bear (berserk).

Vanquished Creatures
  A hound (D:4)
  2 ball pythons
  An endoplasm (D:4)
  2 giant cockroaches (D:1)
  A hobgoblin (D:1)
  A kobold (D:4)
  3 quokkas
  A frilled lizard (D:1)
12 creatures vanquished.

Notes
Turn   | Place    | Note
-------+----------+-------------------------------------------
     0 | D:1      | hawla the Meteoran Ice Elementalist began the quest for the
                  | Orb.
     0 | D:1      | Reached XP level 1. HP: 14/14 MP: 5/5
    51 | D:1      | Reached XP level 2. HP: 20/20 MP: 4/6
   279 | D:4      | Noticed a black bear
   279 | D:4      | Noticed a hound
   289 | D:4      | Killed a hound
   290 | D:4      | Reached skill level 5 in Ice Magic
   290 | D:4      | Reached XP level 3. HP: 12/27 MP: 3/8
   290 | D:4      | Reached XP level 4. HP: 15/34 MP: 3/9
   295 | D:4      | Slain by a black bear

Illustrated notes

Levels and vault maps discovered:
D:1:      dpeg_arrival_tiny_b, layout_basic,
          shapermc_ecumenical_altar_notcrosses, skrybe_limestone_x,
          hangedman_feature_mirror
D:2:      layout_basic, basic_altar, roderic_lattice_a, minmay_distorted
D:3:      layout_loops_cross, kennysheep_generic_room_2, uniq_grinder
D:4:      layout_basic, serial_rivers, chequers_serial_rivers_room_b,
          chequers_serial_rivers_small_b, chequers_serial_rivers_room_a,
          chequers_serial_rivers_micro_c, chequers_serial_rivers_micro_a,
          corexii_shack, kennysheep_nondescript

Skill      XL: |  1  2 |
---------------+-------+-----
Spellcasting   | 3 |  3.2
Ice Magic      | 5 |  5.3
Fighting       | |  0.3
Dodging        | |  2.8
Stealth        | |  1.4

Action                   |  1- 3 |  4- 6 || total
-------------------------+-------+-------++-------
Melee: Unarmed           |     5 |       ||     5
 Cast: Freeze            |    16 |     3 ||    19
  Use: Scroll            |     2 |     1 ||     3
       Potion            |       |     1 ||     1
Armor: Robe              |     8 |     3 ||    11
Dodge: Dodged            |     5 |     4 ||     9
